 Dungeon Sprint DCSS version 0.31-a0-152-g6aa68a64a1 (webtiles) character file.

Game seed: 9627912142621488962

2457 rocky1 the Cleaver (level 9, -2/86 HPs)
             Began as a Minotaur Gladiator on June 10, 2023.
             Was an Initiate of Gozag.
             Succumbed to barbed spike wounds
             ... in the Dungeon (Sprint VII: "The Pits").
             The game lasted 00:03:22 (1637 turns).

rocky1 the Cleaver (Minotaur Gladiator)             Turns: 1637, Time: 00:03:22

Health: -2/86      AC: 17    Str: 24    XL:     9   Next: 26%
Magic:  8/8        EV: 12    Int:  5    God:    Gozag
Gold:   1482       SH:  0    Dex: 11    Spells: 8/8 levels left

rFire   . . .        u - +1 broad axe (freeze)
rCold   . . .        (no shield)
rNeg    . . .        s - +4 chain mail
rPois   .            c - +0 hat
rElec   .            (no cloak)
rCorr   .            (no gloves)
SInv    .            r - +0 pair of boots
Will    .....        (no amulet) Stlth
                     (no ring)
HPRegen 0.34/turn    (no ring)
MPRegen 0.11/turn

%: no teleportation
@: spiked
A: horns 2, retaliatory headbutt
a: Renounce Religion, Potion Petition, Call Merchant, Bribe Branch


You were in the Dungeon.
You worshipped Gozag.
Gozag was most pleased with you.
You visited 1 branch You collected 1872 gold pieces.
You paid 390 gold pieces to Gozag.

Inventory:

Hand Weapons
 a - a +0 war axe
 t - the +7 great mace "Firestarter" {flame, immolate, rFlCloud rF++}
   (You found it in the Dungeon)

   rFlCloud:  It grants immunity to clouds of flame.
   rF:        It greatly protects you from fire.
 u - a +1 broad axe of freezing (weapon)
Missiles
 d - 2 throwing nets (quivered)
 e - a javelin
Armour
 b - a +0 leather armour
 c - a +0 hat (worn)
 g - a +3 chain mail
 r - a +0 pair of boots (worn)
 s - a +4 chain mail (worn)
Jewellery
 p - a +3 ring of protection
 q - a +3 ring of intelligence
Scrolls
 k - a scroll of blinking
 m - 5 scrolls of amnesia
 n - a scroll of butterflies
Potions
 f - 9 potions of curing
 h - 3 potions of haste
 i - 4 potions of magic
 j - 2 potions of berserk rage
 l - 2 potions of invisibility
 o - 11 potions of heal wounds


   Skills:
 + Level 10.8 Fighting
 + Level 14.7(14.9) Axes
 * Level 4.1(10.4) Maces & Flails
 + Level 9.1 Throwing
 + Level 10.1 Armour
 + Level 10.0 Dodging


You had 8 spell levels left.
You didn't know any spells.
Your spell library was empty.

Dungeon Overview and Level Annotations

Branches:
Dungeon (1/1)

Altars:
Ashenzari
Cheibriados
Dithmenos
Elyvilon
Fedhas
Gozag
Hepliaklqana
Kikubaaqudgha
Makhleb
Nemelex Xobeh
Okawaru
Qazlal
Ru
Sif Muna
Trog
Uskayaw
Vehumet
Wu Jian
Xom
Yredelemnul
Zin
The Shining One
Jiyva
Lugonu


Innate Abilities, Weirdness & Mutations

You have a pair of horns on your head.
You reflexively headbutt those who attack you in melee.


Message History

The red devil is severely wounded.
The red devil barely misses you.
You barely miss the red devil.
The red devil is severely wounded.
The red devil hits you with a +0 trident.
Barbed spikes become lodged in your body.
You miss the red devil. Your headbutt misses the red devil.
The red devil is severely wounded.
The red devil hits you with a +0 trident.
Barbed spikes become lodged in your body.
You barely miss the red devil.
The red devil is severely wounded.
The red devil hits you with a +0 trident!
* * * LOW HITPOINT WARNING * * *
Barbed spikes become lodged in your body.
You barely miss the red devil.
The red devil is severely wounded.
The red devil hits you but does no damage.
You hit the red devil but do no damage.
The red devil is severely wounded.
You hit the red devil. You freeze the red devil.
The red devil is almost dead.
The red devil hits you with a +0 trident!
* * * LOW HITPOINT WARNING * * *
Barbed spikes become lodged in your body.
You slash the red devil! You freeze the red devil.
You kill the red devil!
Your base Maces & Flails skill gained 2 levels and is now at level 4!
Your Throwing skill increases to level 9!
Your Armour skill increases to level 10!
Your Dodging skill increases to level 10!
The barbed spikes dig painfully into your body as you move.
* * * LOW HITPOINT WARNING * * *
You now have 1482 gold pieces (gained 54).
You see here a +0 trident.
The barbed spikes dig painfully into your body as you move.
* * * LOW HITPOINT WARNING * * *
The barbed spikes dig painfully into your body as you move.
You die...
Your body crumbles into a pile of gold.

__.# __.#
...###########++######
##'##................#
)'.##......#..#......#
##.##................+
....'................+
#####......#..#......#
#..##........$).@....#
#))#####'#####''######
#))##.......##''#
#))##.......##....
#[.##.......##.....
#'###...<...##.....#
...##.......##...###
...##.......##..##
#####.......#


There were no monsters in sight!

Vanquished Creatures
  An orc high priest (D)
  An orc sorcerer (D)
  A rime drake (D)
  A red devil (D)
  A flying skull (D)
  A wyvern (D)
  Menkaure (D)
  An orc warrior (D)
  An ice beast (D)
  A centaur (D)
  A bullfrog (D)
  2 necrophages (D)
  A jelly (D)
  A quasit (D)
  A gnoll bouda (D)
  An adder (D)
  2 white imps (D)
  An ufetubus (D)
  4 orcs (D)
  2 endoplasms (D)
  A giant cockroach (D)
  2 quokkas (D)
  A ball python (D)
  A kobold (D)
  A rat (D)
32 creatures vanquished.

Notes
Turn   | Place    | Note
-------+----------+-------------------------------------------
     0 | D        | rocky1 the Minotaur Gladiator began the quest for the Orb.
     0 | D        | Reached XP level 1. HP: 18/18 MP: 0/0
    13 | D        | Reached skill level 4 in Axes
    13 | D        | Reached skill level 1 in Armour
    17 | D        | Found a bloodstained altar of Trog.
    17 | D        | Found a shimmering blue altar of Sif Muna.
    17 | D        | Found a viscous altar of Jiyva.
    17 | D        | Found a hazy altar of Hepliaklqana.
    17 | D        | Found an opulent altar of Gozag.
    18 | D        | Found a glowing golden altar of the Shining One.
    18 | D        | Found a glowing silver altar of Zin.
    18 | D        | Found a basalt altar of Yredelemnul.
    18 | D        | Found a shimmering altar of Xom.
    18 | D        | Found an ornate altar of the Wu Jian Council.
    18 | D        | Found a sacrificial altar of Ru.
    18 | D        | Found a stormy altar of Qazlal.
    18 | D        | Found an iron altar of Okawaru.
    18 | D        | Found a sparkling altar of Nemelex Xobeh.
    18 | D        | Found a burning altar of Makhleb.
    18 | D        | Found a blossoming altar of Fedhas.
    18 | D        | Found a white marble altar of Elyvilon.
    18 | D        | Found a shadowy altar of Dithmenos.
    18 | D        | Found a snail-covered altar of Cheibriados.
    22 | D        | Found a corrupted altar of Lugonu.
    22 | D        | Found a radiant altar of Vehumet.
    23 | D        | Found a broken altar of Ashenzari.
    23 | D        | Found an ancient bone altar of Kikubaaqudgha.
    23 | D        | Found a hide-covered altar of Uskayaw.
    25 | D        | Became a worshipper of Gozag Ym Sagoz the Greedy
    61 | D        | Reached XP level 2. HP: 26/26 MP: 1/1
    90 | D        | Reached skill level 5 in Axes
   170 | D        | Reached skill level 6 in Axes
   170 | D        | Reached XP level 3. HP: 20/33 MP: 2/2
   325 | D        | Noticed an ice beast
   330 | D        | Noticed Menkaure
   331 | D        | Noticed a necrophage
   335 | D        | Killed an ice beast
   336 | D        | Reached skill level 5 in Fighting
   336 | D        | Reached skill level 7 in Axes
   336 | D        | Reached skill level 5 in Dodging
   336 | D        | Reached XP level 4. HP: 8/42 MP: 3/3
   336 | D        | Reached XP level 5. HP: 9/48 MP: 4/4
   340 | D        | Reached skill level 8 in Axes
   340 | D        | Reached skill level 5 in Throwing
   340 | D        | Reached skill level 5 in Armour
   341 | D        | Killed Menkaure
   342 | D        | Reached skill level 9 in Axes
   342 | D        | Reached XP level 6. HP: 11/58 MP: 5/5
   520 | D        | Reached skill level 10 in Axes
   766 | D        | Noticed a wyvern
   776 | D        | Killed a wyvern
  1081 | D        | Noticed a flying skull
  1086 | D        | Reached skill level 11 in Axes
  1086 | D        | Reached XP level 7. HP: 67/67 MP: 6/6
  1095 | D        | Killed a flying skull
  1096 | D        | Reached skill level 12 in Axes
  1343 | D        | Noticed an orc high priest
  1343 | D        | Noticed an orc sorcerer
  1345 | D        | Noticed a chaos spawn
  1356 | D        | Killed an orc sorcerer
  1357 | D        | Reached skill level 13 in Axes
  1357 | D        | Reached XP level 8. HP: 78/78 MP: 7/7
  1364 | D        | Killed an orc high priest
  1365 | D        | Reached skill level 10 in Fighting
  1365 | D        | Reached skill level 14 in Axes
  1373 | D        | Reached XP level 9. HP: 81/86 MP: 8/8
  1392 | D        | Found the +7 great mace "Firestarter" {flame, immolate,
                  | rFlCloud rF++}
  1609 | D        | Noticed a rime drake
  1609 | D        | Noticed a red devil
  1619 | D        | Killed a rime drake
  1633 | D        | Killed a red devil
  1634 | D        | Reached skill level 10 in Armour
  1634 | D        | Reached skill level 10 in Dodging
  1636 | D        | HP: 2/86 [barbs]
  1637 | D        | Succumbed to barbed spike wounds

Illustrated notes

Levels and vault maps discovered:
D:        pitsprint [storerooms_1, entrance_room_1, metal_vault_4, armoury_3,
          mini_pit_1, grid_room_1, main_hall_1, silver_pit, the_coven_3,
          the_vestibule_1, steel_vault_3, golden_pit, hallway_of_sentries,
          crystal_vault_4, iron_vault_4, final_vault]

Skill      XL: |  1  2  3  4  5  6  7  8  9 |
---------------+----------------------------+-----
Fighting       | 3 4 5 6 7 9 10 | 10.8
Axes           | 4 6 7 9 11 13 14 | 14.7
Armour         | 1 3 4 6 7 8 9 10 | 10.1
Dodging        | 4 5 6 7 8 9 10 | 10.0
Throwing       | 3 4 5 6 7 8 9 |  9.1
Maces & Flails | 4 |  4.1

Action                     |  1- 3 |  4- 6 |  7- 9 || total
---------------------------+-------+-------+-------++-------
  Melee: War axe           |    22 |    24 |    55 ||   101
         Headbutt          |     5 |     4 |    11 ||    20
         Broad axe         |       |       |    18 ||    18
  Throw: Throwing net      |       |     2 |       ||     2
 Invoke: Potion Petition   |       |       |     1 ||     1
    Use: Potion            |     2 |       |       ||     2
   Stab: Distracted        |     1 |       |       ||     1
 Armour: Leather armour    |     4 |       |       ||     4
         Chain mail        |     5 |     5 |    42 ||    52
  Dodge: Dodged            |    21 |    10 |    44 ||    75

Table legend: (Time is in decaauts)
 A = Elapsed time spent in this place.
 B = Non-inter-level travel time spent in this place.
 C = Inter-level travel time spent in this place.
 D = Time resting spent in this place.
 E = Time spent auto-exploring this place.
 F = Levels seen in this place.
 G = Mean time per level.
                   A        B        C        D        E       F      G
               +--------+--------+--------+--------+--------+-----+--------+
         Total |   1625 |   1564 |     61 |   1181 |      0 |   1 | 1625.0 |
       Dungeon |   1625 |   1564 |     61 |   1181 |      0 |   1 | 1625.0 |
               +--------+--------+--------+--------+--------+-----+--------+

Top non-repeatable levels by time:
       D: 1625 daAuts
